 Dungeon Crawl Stone Soup version 0.21.1-1-g345015f (webtiles) character file.

12120 vatarom the Demonic Catastrophe (level 11, -13/86 HPs)
             Began as a Demonspawn Gladiator on May 14, 2018.
             Was an Elder of Qazlal.
             Mangled by an ice devil (19 damage)
             ... on level 1 of the Lair of Beasts.
             The game lasted 00:23:53 (9965 turns).

vatarom the Demonic Catastrophe (DsGl)              Turns: 9965, Time: 00:23:53

Health: -13/86     AC:  8    Str: 14    XL:     11   Next: 58%
Magic:  15/19      EV: 13    Int: 13    God:    Qazlal [****..]
Gold:   373        SH:  5    Dex: 26    Spells: 10/10 levels left

rFire    . . .     SeeInvis .   n - +9 staff of Olgreb {rPois}
rCold    . . .     Gourm    .   (no shield)
rNeg     . . .     Faith    .   s - +2 leather armour "Hairch" {*Contam Int+4 Dex+4}
rPois    ∞         Spirit   .   v - +0 helmet
rElec    +         Reflect  .   (no cloak)
rCorr    .         Harm     .   (gloves unavailable)
MR       .....     Clarity  +   m - +0 pair of boots
Stlth    +.........             l - amulet of regeneration
HPRegen  0.64/turn              i - ring of flight
MPRegen  0.16/turn              h - +5 ring of dexterity

@: repel missiles
A: claws 3, clarity, powered by death 1, electricity resistance, weak 1, wild
magic 1, rot immunity
a: Upheaval, Elemental Force, Renounce Religion, Evoke Flight


You were on level 1 of the Lair of Beasts.
You worshipped Qazlal.
Qazlal was greatly pleased with you.
You were not hungry.

You visited 3 branches of the dungeon, and saw 12 of its levels.

You collected 625 gold pieces.
You spent 252 gold pieces at shops.

Inventory:

Hand Weapons
 n - the +9 staff of Olgreb (weapon) {rPois}
   (You found it on level 8 of the Dungeon)

   It protects you from poison.
Missiles
 j - 4 poisoned javelins (quivered)
 r - 11 tomahawks
Armour
 m - a +0 pair of boots (worn)
 s - the +2 leather armour "Hairch" (worn) {*Contam Int+4 Dex+4}
   (You found it on level 6 of the Dungeon)

   It affects your intelligence (+4).
   It affects your dexterity (+4).
   It causes magical contamination when unequipped.
 v - a +0 helmet (worn)
Jewellery
 h - a +5 ring of dexterity (right claw)
 i - a ring of flight (left claw)
 l - an amulet of regeneration (around neck)
Wands
 d - a wand of flame (61)
 e - a wand of random effects (21)
 p - a wand of iceblast (1)
 z - a wand of acid (6)
Scrolls
 c - 2 scrolls of fear
 g - 3 scrolls of enchant weapon
 k - 6 scrolls of identify
 o - 4 scrolls of enchant armour
 q - 5 scrolls of remove curse
 w - a scroll of random uselessness
 x - 2 scrolls of noise
Potions
 u - 3 potions of curing
 A - a potion of agility
 B - a potion of brilliance
Books
 a - a book of Geomancy

   Spells                             Type                      Level
   a - Sandblast                      Earth                        1
   b - Passwall                       Transmutation/Earth          2
   c - Stone Arrow                    Conjuration/Earth            3
   d - Petrify                        Transmutation/Earth          4
   e - Lee's Rapid Deconstruction     Earth                        5
 b - a book of Misfortune

   Spells                             Type                      Level
   a - Confusing Touch                Hexes                        1
   b - Confuse                        Hexes                        3
   c - Gell's Gravitas                Translocation                3
   d - Petrify                        Transmutation/Earth          4
   e - Metabolic Englaciation         Hexes/Ice                    5
   f - Yara's Violent Unravelling     Hexes/Transmutation          5
 t - a book of Minor Magic

   Spells                             Type                      Level
   a - Magic Dart                     Conjuration                  1
   b - Blink                          Translocation                2
   c - Call Imp                       Summoning                    2
   d - Slow                           Hexes                        2
   e - Conjure Flame                  Conjuration/Fire             3
   f - Mephitic Cloud                 Conjuration/Poison/Air       3
 y - a book of the Sky

   Spells                             Type                      Level
   a - Summon Lightning Spire         Summoning/Air                4
   b - Silence                        Hexes/Air                    5
   c - Deflect Missiles               Charms/Air                   6
   d - Conjure Ball Lightning         Conjuration/Air              6
   e - Tornado                        Air                          9
Comestibles
 f - 13 rations


   Skills:
 + Level 7.8 Fighting
 * Level 10.2 Staves
 - Level 1.7 Throwing
 + Level 7.7 Armour
 - Level 2.6 Dodging
 * Level 11.8 Invocations
 + Level 3.8 Evocations


You had 10 spell levels left.
You didn't know any spells.

Dungeon Overview and Level Annotations

Branches:
Dungeon (10/15)            Temple (1/1) D:4            Lair (1/6) D:9
    Orc: D:9-12

Altars:
Ashenzari
Cheibriados
Dithmenos
Elyvilon
Fedhas
Gozag
Hepliaklqana
Kikubaaqudgha
Makhleb
Nemelex Xobeh
Okawaru
Qazlal
Ru
Sif Muna
Trog
Uskayaw
Vehumet
Wu Jian
Xom
Yredelemnul
Zin
The Shining One

Shops:
D:8 (

Annotations:
D:8 1 runed door


Innate Abilities, Weirdness & Mutations

You have claws for hands.
You regenerate a little health from kills.
You are immune to rotting.
You possess an exceptional clarity of mind.
You are resistant to electric shocks. (rElec)
You are weak. (Str -2)
Your spells are a little harder to cast, but a little more powerful.


Message History

The ice devil completely misses you. The ice devil hits you!
The ice devil freezes you!!
You hit the ice devil.
The ice devil is severely wounded.
You hit the ice devil but do no damage.
The ice devil looks even sicker.
The ice devil is severely wounded.
You block the ice devil's attack. The ice devil hits you!
The ice devil freezes you! The ice devil hits you. The ice devil freezes you!!
* * * LOW HITPOINT WARNING * * *
There is an open door here.
Aiming: Upheaval
Press: ? - help, Dir - move target cursor A storm cloud blasts the area with cutting wind!
Unknown command.
Unknown command.
The ice devil hits you.
* * * LOW HITPOINT WARNING * * *
The ice devil freezes you!!
You die...

### ### ##
############.###.#########.
........4.@§...............
P##+.§.#4§................
#+#'###....###..#......
#...# #....#...........
##.## #....#....#...... #.
#..(.#....#...... ..
#....#....P...... ...
#....P........... #.$.
#....P....#......


You could see 2 ice devils.

Vanquished Creatures
  A hydra (Lair:1)
  The ghost of equalderp2856 the Cleaver, a novice MiFi (Lair:1)
  A two-headed ogre (D:8)
  Erica (D:10)
  Pikel (D:4)
  3 spiny frogs (Lair:1)
  2 hippogriffs
  4 yaks (D:9)
  Eustachio (D:4)
  A basilisk (D:9)
  2 soldier ants (D:8)
  6 water moccasins
  5 porcupines
  4 orc warriors
  2 ice beasts
  4 sky beasts
  A necrophage (D:9)
  5 wolves (Lair:1)
  2 phantoms (D:7)
  3 ogres
  6 crocodiles
  2 centaurs
  2 big kobolds
  6 bullfrogs
  7 scorpions
  16 killer bees
  2 howler monkeys (D:7)
  5 crimson imps
  3 centaur zombies
  2 bullfrog zombies
  2 bullfrog skeletons
  6 hounds
  A centaur skeleton (D:7)
  7 orc priests
  5 orc wizards
  Terence (D:3)
  3 iguanas
  10 worker ants
  3 hound skeletons
  3 worker ant zombies (D:5)
  Robin (D:2)
  4 gnolls (D:7)
  7 adders
  2 shadow imps
  An ooze (D:1)
  2 adder zombies
  A worm (D:2)
  2 dart slugs
  6 leopard geckos
  43 orcs
  A ball python (D:3)
  7 bats
  2 giant cockroaches
  12 goblins
  9 hobgoblins
  5 jackals
  6 kobolds
  4 quokkas
  3 frilled lizards
  A giant cockroach zombie (D:5)
  A jackal skeleton (D:5)
  A jackal zombie (D:5)
  A leopard gecko skeleton (D:8)
  A leopard gecko zombie (D:5)
  13 rats
  A spectral orc (D:9)
279 creatures vanquished.

Vanquished Creatures (others)
  A slave (D:4)
  An iguana (D:4)
  An adder (D:4)
  An orc (D:4)
  3 bushes (D:9)
  A fungus (D:9)
  6 plants (D:9)
  4 toadstools (D:1)
18 creatures vanquished.

Grand Total: 297 creatures vanquished

Notes
Turn   | Place    | Note
-------+----------+-------------------------------------------
     0 | D:1      | vatarom the Demonspawn Gladiator began the quest for the Orb.
     0 | D:1      | Reached XP level 1. HP: 16/16 MP: 1/1
   126 | D:1      | Gained mutation: You are immune to rotting. [demonic ancestry]
   126 | D:1      | Reached XP level 2. HP: 19/22 MP: 2/2
   256 | D:1      | Reached skill level 1 in Armour
   936 | D:2      | Noticed Terence
  1108 | D:2      | Noticed Robin
  1113 | D:2      | Killed Robin
  1113 | D:2      | Gained mutation: You have sharp fingernails. [demonic ancestry]
  1113 | D:2      | Reached XP level 3. HP: 20/28 MP: 3/3
  1346 | D:2      | Found a sparkling altar of Nemelex Xobeh.
  1678 | D:2      | Reached XP level 4. HP: 22/34 MP: 4/4
  2311 | D:3      | Killed Terence
  2311 | D:3      | Reached XP level 5. HP: 38/40 MP: 5/5
  2504 | D:3      | Found a shattered altar of Ashenzari.
  2790 | D:3      | Found a snail-covered altar of Cheibriados.
  3100 | D:4      | Noticed a slave
  3101 | D:4      | Noticed a slave
  3103 | D:4      | Noticed a slave
  3104 | D:4      | Noticed Pikel
  3108 | D:4      | Noticed a slave
  3116 | D:4      | HP: 2/41 [slave[Pikel] (2)]
  3140 | D:4      | Killed Pikel
  3140 | D:4      | Reached skill level 5 in Staves
  3140 | D:4      | Gained mutation: You regenerate a little health from kills. [demonic ancestry]
  3140 | D:4      | Reached XP level 6. HP: 30/48 MP: 6/6
  3140 | D:4      | Reached XP level 7. HP: 33/53 MP: 7/7
  3213 | D:4      | Found a glowing golden altar of the Shining One.
  3477 | D:4      | Found a staircase to the Ecumenical Temple.
  3487 | Temple   | Entered the Ecumenical Temple
  3659 | Temple   | Became a worshipper of Qazlal Stormbringer
  3711 | D:4      | Noticed Eustachio
  3742 | D:4      | Gained mutation: You are weak. (Str -2) [potion of mutation]
  3742 | D:4      | Gained mutation: Your spells are a little harder to cast, but a little more powerful. [potion of mutation]
  3742 | D:4      | Gained mutation: You possess an exceptional clarity of mind. [potion of mutation]
  3742 | D:4      | Gained mutation: You are resistant to electric shocks. (rElec) [potion of mutation]
  3761 | D:4      | Killed Eustachio
  3761 | D:4      | Reached skill level 1 in Invocations
  3955 | D:5      | Entered Level 5 of the Dungeon
  3977 | D:5      | Reached skill level 2 in Invocations
  4059 | D:5      | Gained mutation: You have very sharp fingernails. [demonic ancestry]
  4059 | D:5      | Reached XP level 8. HP: 58/61 MP: 9/9
  4171 | D:5      | Reached skill level 5 in Armour
  4225 | D:5      | Reached skill level 3 in Invocations
  4239 | D:5      | Reached * piety under Qazlal
  4642 | D:6      | Reached skill level 4 in Invocations
  4734 | D:6      | Reached skill level 5 in Fighting
  4819 | D:5      | Reached skill level 5 in Invocations
  5010 | D:6      | Got a fine leather armour
  5022 | D:6      | Identified the +2 leather armour "Hairch" {*Contam Int+4 Dex+4} (You found it on level 6 of the Dungeon)
  5407 | D:7      | Gained mutation: You have claws for hands. [demonic ancestry]
  5407 | D:7      | Reached XP level 9. HP: 68/68 MP: 13/13
  5434 | D:7      | Reached ** piety under Qazlal
  5434 | D:7      | Reached skill level 6 in Invocations
  6060 | D:7      | Reached skill level 7 in Invocations
  6603 | D:8      | Found the +9 staff of Olgreb {rPois}
  6645 | D:8      | Found a runed door.
  6661 | D:8      | Found a runed door.
  6667 | D:8      | Found a runed gate.
  6678 | D:8      | Found a runed gate.
  6678 | D:8      | Found a runed gate.
  6703 | D:8      | Reached skill level 8 in Invocations
  7223 | D:8      | Found Zugoed's Antique Weapon Shop.
  7300 | D:8      | Bought a glowing quarterstaff for 252 gold pieces
  7344 | D:8      | Noticed a two-headed ogre
  7357 | D:8      | Killed a two-headed ogre
  7357 | D:8      | Reached skill level 9 in Invocations
  7357 | D:8      | Reached XP level 10. HP: 44/77 MP: 16/16
  7556 | D:8      | Reached *** piety under Qazlal
  8237 | D:9      | Found a glowing silver altar of Zin.
  8238 | D:9      | Found a hide-covered altar of Uskayaw.
  8238 | D:9      | Found a radiant altar of Vehumet.
  8240 | D:9      | Reached skill level 1 in Evocations
  8301 | D:9      | Reached skill level 10 in Invocations
  8383 | D:9      | Found a staircase to the Lair.
  8409 | D:9      | Found an ancient bone altar of Kikubaaqudgha.
  8553 | D:9      | Reached **** piety under Qazlal
  8630 | D:9      | Reached XP level 11. HP: 51/84 MP: 15/19
  8904 | D:9      | Found a basalt altar of Yredelemnul.
  9070 | D:10     | Entered Level 10 of the Dungeon
  9083 | D:10     | Noticed Erica
  9090 | D:10     | Killed Erica
  9090 | D:10     | Reached skill level 11 in Invocations
  9186 | Lair:1   | Entered Level 1 of the Lair of Beasts
  9264 | Lair:1   | Found a labyrinth entrance.
  9286 | Lair:1   | Noticed equalderp2856's ghost (novice MiFi)
  9312 | Lair:1   | Killed equalderp2856's ghost
  9355 | Lair:1   | Noticed a five-headed hydra
  9382 | Lair:1   | Killed a five-headed hydra
  9382 | Lair:1   | Reached skill level 10 in Staves
  9960 | Lair:1   | HP: 4/86 [ice devil (23)]
  9965 | Lair:1   | Mangled by an ice devil

Skill      XL: |  1  2  3  4  5  6  7  8  9 10 11 |
---------------+----------------------------------+-----
Staves         | 3 5 7 8 9 10 | 10.2
Armour         | 1 2 4 5 6 7 |  7.7
Fighting       | 3 4 5 6 7 |  7.8
Invocations    | 2 5 9 10 11 | 11.8
Evocations     | 2 3 |  3.8
Throwing       | |  1.7
Dodging        | |  2.6

Action                   |  1- 3 |  4- 6 |  7- 9 | 10-12 || total
-------------------------+-------+-------+-------+-------++-------
Melee: Quarterstaff      |   121 |   107 |   550 |    63 ||   841
       Unarmed           |       |       |    13 |       ||    13
       Staff             |       |       |       |   265 ||   265
Throw: Throwing net      |     2 |     2 |     3 |       ||     7
       Javelin           |       |     6 |    17 |     8 ||    31
       Tomahawk          |       |       |     3 |     6 ||     9
Invok: Upheaval          |       |       |     1 |     5 ||     6
Evoke: Staff of Olgreb   |       |       |       |    68 ||    68
       Wand              |       |       |       |     2 ||     2
  Use: Potion            |       |     6 |    13 |       ||    19
       Scroll            |       |       |     8 |     5 ||    13
 Stab: Sleeping          |     1 |     1 |       |       ||     2
       Held in net/web   |     1 |     2 |     2 |       ||     5
       Invisible         |       |       |    14 |       ||    14
  Eat: Chunk             |     3 |     1 |     6 |     5 ||    15
       Ration            |       |     1 |     3 |     2 ||     6
Armor: Leather armour    |    26 |    26 |   179 |    72 ||   303
       Skin              |       |     6 |       |       ||     6
Dodge: Dodged            |    88 |    77 |   394 |   180 ||   739
       Deflected         |       |       |       |     1 ||     1
Block: Other             |       |       |    30 |    49 ||    79
